 Dungeon Crawl Stone Soup version 0.28.0-53-g5a82cb258f (webtiles) character file.

Game seed: 5068588961057206244

438 Peloso the Covered (level 6, -7/51 (53) HPs)
             Began as a Minotaur Fighter on June 10, 2022.
             Mangled by a wight
             ... wielding a +6 vorpal great sword
              (11 damage)
             ... on level 3 of the Dungeon.
             The game lasted 00:07:00 (3652 turns).

Peloso the Covered (Minotaur Fighter)               Turns: 3652, Time: 00:07:00

HP:   -7/51 (53)    AC: 15    Str: 20    XL:     6   Next: 69%
MP:   5/5           EV:  4    Int:  5    God:
Gold: 133           SH:  9    Dex: 12    Spells: 5/5 levels left

rFire   . . .      SeeInvis .   a - +0 long sword (spect)
rCold   . . .      Faith    .   g - +0 kite shield
rNeg    . . .      Spirit   .   l - +0 plate armour
rPois   .          Reflect  .   (helmet restricted)
rElec   .          Harm     .   e - +0 cloak
rCorr   .          Rampage  .   h - +0 pair of gloves
Will    .....                   (no boots)
Stlth   ..........              (no amulet)
HPRegen 0.17/turn               (no ring)
MPRegen 0.09/turn               (no ring)

@: lightly drained
A: horns 2, retaliatory headbutt
a: no special abilities


You were on level 3 of the Dungeon.
You visited 1 branch of the dungeon, and saw 4 of its levels.

You collected 133 gold pieces.

Inventory:

Hand Weapons
 a - a +0 spectral long sword (weapon)
Armour
 b - a +0 scale mail
 c - a +0 buckler
 e - a +0 cloak (worn)
 g - a +0 kite shield (worn)
 h - a +0 pair of gloves (worn)
 l - a +0 plate armour (worn)
Scrolls
 j - a scroll of teleportation
 k - a scroll of enchant weapon
 o - a scroll of amnesia
Potions
 d - 2 potions of might
 f - a potion of haste
 i - a potion of heal wounds {unknown}
 n - a potion of ambrosia {unknown}
 q - a potion of flight {unknown}


   Skills:
 + Level 4.7 Fighting
 + Level 5.3 Long Blades
 + Level 5.8 Armour
 + Level 0.8 Dodging
 + Level 0.1 Stealth
 + Level 5.3 Shields


You had 5 spell levels left.
You didn't know any spells.
Your spell library was empty.

Dungeon Overview and Level Annotations

Branches:
Dungeon (4/15)
 Temple: D:4-7

Altars:
Qazlal
Yredelemnul

Shops:
D:1 [   D:3 [


Innate Abilities, Weirdness & Mutations

You have a pair of horns on your head.
You reflexively headbutt those who attack you in melee.


Message History

You destroy the wight!
Things that are here:
a +0 battleaxe; a +0 robe You start resting.
HP restored.
There is a stone staircase leading down here.
You climb downwards.
The endoplasm hits you but does no damage.
The wight hits you with a +5 war axe. You block the wight's attack.
The endoplasm freezes you.
You are frozen.
There is a stone staircase leading up here.
Unknown command.
You block the wight's attack. x2
The endoplasm hits you but does no damage.
You climb upwards.
There is a stone staircase leading down here.
You closely miss the wight. The wight hits you with a +5 war axe.
The wight hits you but does no damage.
You hit the wight but do no damage. The wight closely misses you.
You furiously retaliate!
You headbutt the wight! The wight barely misses you.
You block the wight's attack.
You hit the wight.
The wight is severely damaged.
You block the wight's attack. The wight hits you but does no damage.
The wight hits you with a +6 vorpal great sword.
You closely miss the wight.
The wight is severely damaged.
The wight hits you with a +5 war axe!
The wight hits you with a +6 vorpal great sword!
You barely miss the wight.
The wight is severely damaged.
The wight hits you with a +5 war axe.
* * * LOW HITPOINT WARNING * * *
The wight hits you with a +6 vorpal great sword.
* * * LOW HITPOINT WARNING * * *
x2 The wight hits you with a +5 war axe.
* * * LOW HITPOINT WARNING * * *
The wight hits you with a +6 vorpal great sword!
You die...

#..###.##.##.##.#.#.......##...
##..#.##.##†#_#...........'....
#.#.##.##.####.#.#.......##...
#.##..###..##..#.#.......##...
#.##### #####..#.#.......##...
#.#.# #...(.#)#..(....#####
##.#.# ####.##.#.......#####
#..#.# #z##.#######...(..
##.#.# #@zJ.............. #.#.#
######.#######...... #.#§#
#......# #...... #.#§# ##.#####
#...... #.#§# #.# ####### #.#§#
#.# #.#§# #.# #.#§# #.# ##.#§#
#.#


You could see 2 wights and an endoplasm.

Vanquished Creatures
  An ogre (D:4)
  A scorpion (D:3)
  A wight (D:3)
  An orc wizard (D:3)
  Terence (D:2)
  4 gnolls (D:3)
  8 adders
  4 worms
  2 dart slugs
  9 orcs
  7 bats
  5 giant cockroaches
  8 goblins
  3 hobgoblins
  6 jackals
  4 kobolds
  3 quokkas
  3 ball pythons
  3 frilled lizards
  3 rats (D:1)
77 creatures vanquished.

Notes
Turn   | Place    | Note
-------+----------+-------------------------------------------
     0 | D:1      | Peloso the Minotaur Fighter began the quest for the Orb.
     0 | D:1      | Reached XP level 1. HP: 19/19 MP: 0/0
   223 | D:1      | Found Geupyefe's Armour Shop.
   229 | D:1      | Reached XP level 2. HP: 21/27 MP: 1/1
   388 | D:1      | Found a faded altar of an unknown god.
   390 | D:1      | You fall into a shaft and drop 1 floor!
   704 | D:1      | Reached XP level 3. HP: 33/33 MP: 2/2
  1065 | D:2      | Noticed Terence
  1071 | D:2      | Killed Terence
  1293 | D:2      | Reached XP level 4. HP: 33/40 MP: 3/3
  2107 | D:3      | Reached XP level 5. HP: 47/47 MP: 4/4
  2303 | D:3      | Found Ebeir's Antique Armour Shop.
  2325 | D:3      | Reached skill level 5 in Armour
  2501 | D:3      | Found a stormy altar of Qazlal.
  2535 | D:3      | Reached XP level 6. HP: 41/53 MP: 5/5
  2623 | D:3      | Reached skill level 5 in Shields
  3137 | D:3      | Found a basalt altar of Yredelemnul.
  3273 | D:4      | Reached skill level 5 in Long Blades
  3356 | D:4      | HP: 2/48 [wight/+0 battleaxe (5)]
  3652 | D:3      | Mangled by a wight

Illustrated notes

Levels and vault maps discovered:
D:1:      wander_arrival_peaceful_grave, layout_basic, serial_shops,
          nicolae_shop_stone, shapermc_ecumenical_altar_totnotflames
D:2:      layout_basic, uniq_terence
D:3:      minmay_angry_zag, layout_basic, marbit_many_paths,
          mainiacjoe_overflow_brackets, serial_shops, shop
D:4:      layout_basic, mainiacjoe_overflow_six_doors_small

Skill      XL: |  1  2  3  4  5  6 |
---------------+-------------------+-----
Armour         | 4 5 |  5.8
Shields        | 4 5 |  5.3
Fighting       | 4 |  4.7
Long Blades    | 3 4 5 |  5.3
Dodging        | |  0.8
Stealth        | |  0.1

Action                   |  1- 3 |  4- 6 || total
-------------------------+-------+-------++-------
Melee: Long sword        |    69 |   135 ||   204
       Headbutt          |     5 |    23 ||    28
  Use: Scroll            |       |     7 ||     7
Armor: Scale mail        |    26 |       ||    26
       Chain mail        |    12 |    11 ||    23
       Plate armour      |       |    67 ||    67
Dodge: Dodged            |    27 |    33 ||    60
Block: Buckler           |     6 |       ||     6
       Kite shield       |    14 |    77 ||    91
